 Dungeon Crawl Stone Soup version 0.18.1-50-g88ac8fd (webtiles) character file.

129 KarmaPolice the Stinger (level 4, -2/33 HPs)
             Began as a Draconian Venom Mage on Sept 21, 2016.
             Killed from afar by UranusSolar's ghost (6 damage)
             ... with a magic dart
             ... on level 3 of the Dungeon.
             The game lasted 00:19:10 (3673 turns).

KarmaPolice the Stinger (Draconian Venom Mage)      Turns: 3673, Time: 00:19:11

Health: -2/33      AC:  5    Str: 11    XL:     4   Next: 88%
Magic:  1/8        EV: 12    Int: 16    God:
Gold:   109        SH:  0    Dex: 11    Spells: 2 memorised, 4 levels left

rFire  . . .     SeeInvis .     (no weapon)
rCold  . . .     Gourm    .     (armour unavailable)
rNeg   . . .     Faith    .     (no shield)
rPois  .         Spirit   .     (helmet restricted)
rElec  .         Dismiss  .     (no cloak)
rCorr  .         Reflect  .     (no gloves)
SustAt .         Harm     .     (no boots)
MR     .....                    (no amulet)
Stlth  ++........               (no ring)
                                (no ring)

@: very slightly contaminated, not resistant to hostile enchantments, unstealthy
A: unfitting armour, cold-blooded, AC +5
a: no special abilities


You were on level 3 of the Dungeon.
You were hungry.

You visited 1 branch of the dungeon, and saw 4 of its levels.

You collected 109 gold pieces.

Inventory:

Jewellery
 m - an uncursed ring of ice {unknown}
 s - a cursed -2 ring of intelligence {unknown}
 u - an uncursed ring of resist corrosion {unknown}
 x - an uncursed ring of protection from magic {unknown}
Scrolls
 c - a scroll of amnesia {unknown}
 e - a scroll of random uselessness {unknown}
 g - a scroll of fear
 i - a scroll of fog {unknown}
 j - 2 scrolls of identify {unknown}
 q - a scroll of noise {unknown}
Potions
 d - a potion of lignification {unknown}
 f - 3 potions of degeneration {unknown}
 h - 2 potions of ambrosia {unknown}
 k - a potion of magic {unknown}
 l - 2 potions of might {unknown}
 n - a potion of resistance {unknown}
 o - 2 potions of haste {unknown}
 t - a potion of curing {unknown}
 v - a potion of mutation {unknown}
 z - a potion of beneficial mutation {unknown}
 A - a potion of flight {unknown}
Books
 a - a Young Poisoner's Handbook

   Spells                             Type                      Level
   a - Sting                          Conjuration/Poison           1
   b - Cure Poison                    Poison                       2
   c - Mephitic Cloud                 Conjuration/Poison/Air       3
   d - Olgreb's Toxic Radiance        Poison                       4
   e - Venom Bolt                     Conjuration/Poison           5
Comestibles
 b - 2 bread rations
 p - 2 meat rations
 r - a slice of pizza


   Skills:
 - Level 1.7 Dodging
 - Level 1.7 Stealth
 + Level 2.8 Spellcasting
 + Level 2.2 Conjurations
 + Level 1.5 Air Magic
 + Level 4.8 Poison Magic


You had 4 spell levels left.
You knew the following spells:

 Your Spells              Type           Power        Failure   Level  Hunger
a - Sting                 Conj/Pois      ##..         6%          1    #......
b - Mephitic Cloud        Conj/Pois/Air  ##......     17%         3    ###....


Dungeon Overview and Level Annotations

Branches:
Dungeon (4/15)
 Temple: D:4-7

Altars:
Dithmenos
Nemelex Xobeh
Pakellas
Qazlal
Yredelemnul
Zin
The Shining One

Shops:
D:4 :

Annotations:
D:3 UranusSolar's ghost, weakling HEWz


Innate Abilities, Weirdness & Mutations

Your plain brown scales are hard (AC +5).
Your body does not fit into most forms of armour.
You are cold-blooded and may be slowed by cold attacks.


Message History

* * * LOW HITPOINT WARNING * * *
The jackal bites you.
* * * LOW HITPOINT WARNING * * *
Casting: Sting
Confirm with . or Enter, or press ? or * to list all spells.
Aiming: Sting
Press: ? - help, Shift-Dir - straight line, f/p - jackal
Aim: a jackal The sting hits the jackal.
The jackal is poisoned.
You kill the jackal!
The worker ant twitches its antennae in your direction.
Things that are here:
a jackal corpse x2
There is a stone staircase leading up, spattered with blood here.
You climb upwards.
Level annotation: UranusSolar's ghost, weakling HEWz You are feeling hungry.
UranusSolar's ghost gestures at you while chanting.
The magic dart hits you!
You die...

#.# #.###.###.#.## ###
#.# # #.#####.# #.#
#.### ###_####.# #
#.......# #.# #.#
#.....##.# # ####.####
#.# #.#####♣...♣##.# #
#.# #.#
#...[##.....##.# # #.#
#.# #######♣...♣##.# #
#.######.### ###'##
#.# #
#...>..W...#######...#
#.# #
########...[@...##..##
#.###
###.####.#...#####.>..
######.#
#...#........##
#......#
###...#...#..# ######
#.###### ##.....###.#
.....####.##
####...#..#
####.......# ##.#.#.##
######..# ##..#.....
#########..#
#...######


You could see UranusSolar's ghost.

Vanquished Creatures
  An orc priest (D:3)
  3 adders
  A worm (D:2)
  A dart slug (D:2)
  A giant gecko (D:2)
  3 orcs
  2 giant cockroaches (D:3)
  6 goblins
  5 hobgoblins (D:3)
  9 jackals
  9 kobolds
  2 quokkas
  A ball python (D:2)
  4 bats
  2 giant newts (D:1)
  7 rats
57 creatures vanquished.

Notes
Turn   | Place    | Note
--------------------------------------------------------------
     0 | D:1      | KarmaPolice the Draconian Venom Mage began the quest for the Orb.
     0 | D:1      | Reached XP level 1. HP: 14/14 MP: 3/3
   254 | D:1      | Reached skill level 1 in Conjurations
   379 | D:1      | Reached XP level 2. HP: 20/20 MP: 1/5
  1468 | D:2      | Found a basalt altar of Yredelemnul.
  1483 | D:2      | Reached XP level 3. HP: 21/26 MP: 0/6
  1741 | D:2      | Learned a level 3 spell: Mephitic Cloud
  1899 | D:3      | Noticed UranusSolar's ghost (weakling HEWz)
  2383 | D:3      | Found a glowing golden altar of the Shining One.
  2427 | D:3      | Reached XP level 4. HP: 33/33 MP: 3/7
  2645 | D:3      | Found a sparkling altar of Nemelex Xobeh.
  2645 | D:3      | Found an oddly glowing altar of Pakellas.
  2647 | D:3      | Found a shadowy altar of Dithmenos.
  2648 | D:3      | Found a stormy altar of Qazlal.
  2649 | D:3      | Found a glowing silver altar of Zin.
  2886 | D:3      | Reached skill level 1 in Air Magic
  3450 | D:4      | Found Fioseena's Book Emporium.
  3450 | D:4      | Noticed a phantom
  3673 | D:3      | Killed from afar by UranusSolar's ghost

Skill      XL: |  1  2  3  4 |
---------------+-------------+-----
Conjurations   | 1 2 |  2.2
Air Magic      | 1 |  1.5
Dodging        | |  1.7
Stealth        | |  1.7
Spellcasting   | |  2.8
Poison Magic   | |  4.8

Action                   |  1- 3 |  4- 6 || total
-------------------------+-------+-------++-------
Melee: Unarmed           |   118 |    31 ||   149
       Tailslap          |     9 |     3 ||    12
 Cast: Sting             |    76 |    35 ||   111
       Mephitic Cloud    |     1 |     1 ||     2
  Use: Scroll            |       |     1 ||     1
 Stab: Sleeping          |     1 |       ||     1
  Eat: Chunk             |     6 |     4 ||    10
Armor: Skin              |    69 |    22 ||    91
Dodge: Dodged            |   130 |    38 ||   168
